 Dungeon Crawl Stone Soup version 0.31-a0-237-g2d982f9f85 (webtiles) character file.

Game seed: 9135007799416735633

118 qw the Shooter (level 4, -1/36 HPs)
             Began as a Minotaur Hexslinger on July 10, 2023.
             Slain by an orc priest
             ... wielding a +0 club
              (4 damage)
             ... on level 3 of the Dungeon.
             The game lasted 00:00:38 (1640 turns).

qw the Shooter (Minotaur Hexslinger)                Turns: 1640, Time: 00:00:38

Health: -1/36      AC:  6    Str: 13    XL:     4   Next: 72%
Magic:  4/4        EV: 11    Int: 10    God:
Gold:   160        SH:  0    Dex: 14    Spells: 4/5 levels left

rFire   . . .        Y - +2 sling
rCold   . . .        (no shield)
rNeg    . . .        g - +0 ring mail
rPois   .            (helmet restricted)
rElec   .            (no cloak)
rCorr   .            e - +0 pair of gloves
SInv    .            (no boots)
Will    .....        (no amulet)
Stlth   +            (no ring)
HPRegen 0.26/turn    (no ring)
MPRegen 0.09/turn

%: no passive effects
@: no status effects
A: horns 2, retaliatory headbutt
a: no special abilities


You were on level 3 of the Dungeon.
You visited 1 branch of the dungeon, and saw 3 of its levels.

You collected 160 gold pieces.


Innate Abilities, Weirdness & Mutations

You have a pair of horns on your head.
You reflexively headbutt those who attack you in melee.


   Skills:
 - Level 2.0 Fighting
 + Level 4.2 Ranged Weapons
 - Level 3.2 Armour
 - Level 2.1 Dodging
 - Level 1.0 Spellcasting
 - Level 2.0 Hexes


You had 4 spell levels left.
You knew the following spells:

 Your Spells              Type           Power      Damage    Failure   Level
a - Slow                  Hex            16%        N/A       30%         1

Your spell library contained the following spells:

 Spells                   Type           Power      Damage    Failure   Level
 Inner Flame              Hex/Fire       2%         N/A       80%         3
 Portal Projectile        Hex/Tloc       4%         N/A       80%         3
 Cause Fear               Hex            2%         N/A       97%         4

Inventory:

Hand Weapons
 Y - a +2 sling (weapon)
Armour
 e - a +0 pair of gloves (worn)
 g - a +0 ring mail (worn)
Jewellery
 f - a ring of ice
Scrolls
 a - 2 scrolls of identify

Dungeon Overview and Level Annotations

Branches:
Dungeon (3/15)

Altars:


Message History

You shoot a sling bullet.
The sling bullet barely misses the orc wizard.
The frilled lizard barely misses you.
The orc wizard mumbles some strange words.
The orc wizard flickers and vanishes!
Deactivating autopickup; reactivate with Ctrl-A.
The goblin barely misses you. You furiously retaliate!
You headbutt the goblin!
You kill the goblin!
You shoot a sling bullet.
The sling bullet hits the frilled lizard.
You kill the frilled lizard!
You hear some strange, mumbled words.
You are confused.
Something hits you but does no damage. The orc priest barely misses you.
Something hits you but does no damage. The orc priest barely misses you.
You hear some strange, mumbled words.
A puff of flame appears from out of thin air!
The puff of flame hits you!
The orc priest hits you but does no damage.
The orc priest closely misses you. Something hits you but does no damage.
The orc priest misses you. Something hits you but does no damage.
You feel less confused. The orc priest hits you with a +0 club.
Something hits you.
You shoot a sling bullet. The sling bullet hits the orc priest.
The orc priest is lightly wounded.
Something hits you.
The orc priest hits you but does no damage.
You shoot a sling bullet. The sling bullet hits the orc priest.
The orc priest is moderately wounded.
The orc priest hits you with a +0 club. Something hits you but does no damage.
A frilled lizard comes into view.
You shoot a sling bullet.
The sling bullet barely misses the orc priest.
The frilled lizard hisses angrily.
Something hits you but does no damage.
The orc priest hits you but does no damage.
You shoot a sling bullet. The sling bullet hits the orc priest.
The orc priest is heavily wounded.
The orc priest hits you with a +0 club.
You die...

.. ... #)# #.# #
##.l###.####.#
###............
#.._#........
#...#......
#.....o{.######.
#@........
##%######.
#.....#
#.....##..
#.<.......
#.....##..
#.....# #.....#
#.....#


You could see an orc priest and a frilled lizard.

Vanquished Creatures
  A scorpion (D:2)
  An adder (D:2)
  3 worms (D:2)
  A dart slug (D:2)
  An orc (D:3)
  3 ball pythons (D:1)
  2 bats (D:2)
  5 endoplasms
  2 giant cockroaches (D:2)
  3 goblins
  3 hobgoblins (D:2)
  2 quokkas (D:2)
  3 frilled lizards
  A kobold (D:2)
  2 rats
33 creatures vanquished.

Notes
Turn   | Place    | Note
-------+----------+-------------------------------------------
     0 | D:1      | qw the Minotaur Hexslinger began the quest for the Orb.
     0 | D:1      | Reached XP level 1. HP: 16/16 MP: 1/1
     0 | D:1      | 0 ||| qw: Version: 0.3-a-52-g30416fa
     0 | D:1      | 0 ||| qw: Game counter: 5003
     0 | D:1      | 0 ||| qw: Melee chars always use a shield: true
     0 | D:1      | 0 ||| qw: God list: Okawaru
     0 | D:1      | 0 ||| qw: Allow faded altars: false
     0 | D:1      | 0 ||| qw: Do Orc after clearing Dungeon:15 true
     0 | D:1      | 0 ||| qw: Do second Lair branch before Depths: true
     0 | D:1      | 0 ||| qw: Lair rune preference: random
     0 | D:1      | 0 ||| qw: Goals: Normal
     0 | D:1      | 0 ||| PLANNING D:1-11
   499 | D:1      | Reached skill level 3 in Ranged Weapons
   514 | D:1      | Reached XP level 2. HP: 23/23 MP: 2/2
   839 | D:1      | 839 ||| UPGRADING to +0 ring mail.
   849 | D:1      | 849 ||| DROPPING +0 robe.
   850 | D:1      | 850 ||| READING 2 scrolls labelled QOUQIM WAHAYZI.
   851 | D:1      | 851 ||| READING scroll labelled CODEJOIMIO.
   852 | D:1      | 852 ||| DROPPING scroll of poison.
  1146 | D:2      | Reached XP level 3. HP: 29/29 MP: 3/3
  1204 | D:2      | Reached skill level 4 in Ranged Weapons
  1462 | D:2      | 1462 ||| UPGRADING to +0 pair of gloves.
  1467 | D:2      | 1467 ||| READING scroll labelled IMUFOBBE OKKE.
  1468 | D:2      | 1468 ||| READING scroll labelled SIDUAFO KIWA.
  1469 | D:2      | 1469 ||| READING 2 scrolls labelled TEIHIRPH BATAH.
  1470 | D:2      | 1470 ||| READING scroll labelled HEM JOAMIPN.
  1474 | D:2      | 1474 ||| READING scroll labelled YRGHAL YLIGG.
  1475 | D:2      | 1475 ||| READING scroll labelled TAEBOM JEOD.
  1476 | D:2      | 1476 ||| READING 3 scrolls of identify.
  1476 | D:2      | 1476 ||| IDENTIFYING fizzy green potion
  1477 | D:2      | 1477 ||| DROPPING scroll of blinking.
  1478 | D:2      | 1478 ||| DROPPING potion of brilliance.
  1510 | D:3      | Noticed a scorpion
  1515 | D:3      | 1515 ||| STAIRDANCE
  1523 | D:2      | Killed a scorpion
  1524 | D:2      | Reached skill level 3 in Armour
  1524 | D:2      | Reached XP level 4. HP: 13/36 MP: 4/4
  1615 | D:3      | Found a faded altar of an unknown god.
  1636 | D:3      | HP: 8/36 [orc priest/+0 club (3)]
  1638 | D:3      | HP: 3/36 [orc priest/+0 club (2)]
  1640 | D:3      | Slain by an orc priest

Levels and vault maps discovered:
D:1:      spicycebolla_arrival_clurvy, layout_loops_corners
D:2:      layout_rooms, minmay_fractal_squares_5
D:3:      layout_basic, ebering_ecumenical_altar_rust, serial_shops, shop,
          dreamdust_mushroom_princess, lightli_corner_chamber

Skill      XL: |  1  2  3 |
---------------+----------+-----
Ranged Weapons | 3 4 |  4.2
Fighting       | 2 |  2.0
Armour         | 3 |  3.2
Dodging        | |  2.1
Spellcasting   | |  1.0
Hexes          | |  2.0

Action                     |  1- 3 |  4- 6 || total
---------------------------+-------+-------++-------
   Fire: Sling             |   117 |    14 ||   131
    Use: Scroll            |     9 |       ||     9
 Armour: Ring mail         |    25 |    13 ||    38
  Dodge: Dodged            |    49 |     8 ||    57

Table legend:
 A = Non-vault XP
 B = Vault XP
 C = Vault XP percentage of total XP
 D = Non-vault monster count
 E = Vault monster count
 F = Vault count percentage of total count
                 A         B        C        D         E       F
            +---------+---------+-------+---------+---------+-------
      Total |     140 |      29 |  17.2 |      27 |       6 |  18.2
            +---------+---------+-------+---------+---------+-------
        D:1 |      13 |       0 |   0.0 |       7 |       0 |   0.0
        D:2 |     121 |      29 |  19.3 |      17 |       6 |  26.1
        D:3 |       6 |       0 |   0.0 |       3 |       0 |   0.0
            +---------+---------+-------+---------+---------+-------
